Map: Ascension to Aiur LE

Players

Semper - Winner!

  • Race: Terran Terran
  • Spawn Location: 11:00

Expect

  • Race: Terran Terran
  • Spawn Location: 5:00

Event: WCS Montreal 2017

VOD

Have the link to the VOD?

Description

Time

  • Played on: Sept. 8, 2017, 7:34 p.m.
  • Length: 18:45

All games in this series

Show
View Real Time Build Order
Export as new Build Order

Semper Terran - Winner!

Build Orders: Gas First Reaper Expand, Reaper Expand, Bio Tank 

Get SALT Encoding   

  12  0:00  SCV  
  13  0:12  SCV  
  14  0:17  Supply Depot  
  14  0:25  SCV  
  14  0:27  Refinery  
  15  0:38  SCV  
  16  0:44  Barracks  
  16  0:50  SCV  
  17  1:03  SCV  
  18  1:15  SCV  
  19  1:30  Orbital Command  
  19  1:31  Reaper  
  20  1:45  Command Center  
  20  1:56  SCV  
  21  2:03  Reaper  
  21  2:05  Factory  
  22  2:10  SCV  
  22  2:14  Supply Depot  
  23  2:23  Refinery  
  23  2:35  SCV  
  24  2:42  Marine  
  25  2:47  SCV  
  28  2:51  Starport, Hellion  
  28  3:00  SCV  
  28  3:02  Marine  
  28  3:03  Orbital Command  
  30  3:12  Cyclone, SCV  
  34  3:19  Marine  
  34  3:24  SCV  
  36  3:30  SCV  
  37  3:36  Viking, SCV  
  37  3:39  Supply Depot  
  40  3:42  SCV  
  40  3:43  Barracks Reactor  
  40  3:48  SCV  
  42  3:54  SCV  
  46  4:00  SCV  
  47  4:04  Supply Depot  
  47  4:08  Factory Tech Lab  
  43  4:10  Starport Tech Lab  
  43  4:11  SCV  
  43  4:14  Command Center  
  43  4:16  SCV  
  45  4:20  Marine x2  
  45  4:23  SCV  
  48  4:24  Bunker  
  48  4:30  SCV  
  49  4:35  Siege Tank  
  49  4:36  SCV  
  51  4:40  Marine, Raven  
  51  4:41  Marine  
  51  4:44  SCV  
  51  4:45  Supply Depot  
  56  4:48  Refinery  
  56  4:51  SCV, Refinery  
  57  4:58  Marine x2  
  57  4:59  SCV  
  60  5:04  SCV  
  60  5:08  Siege Tank  
  60  5:11  SCV  
  64  5:16  SCV  
  64  5:19  Engineering Bay  
  64  5:20  Engineering Bay  
  65  5:24  SCV  
  65  5:28  Orbital Command  
  66  5:30  Barracks  
  66  5:33  SCV  
  66  5:34  Starport Reactor  
  67  5:36  Barracks  
  67  5:38  Stimpack, SCV  
  68  5:45  Siege Tank  
  68  5:47  SCV  
  72  5:53  SCV  
  73  5:57  Marine  
  73  5:59  Orbital Command, SCV  
  73  6:01  Supply Depot  
  73  6:02  Terran Infantry Weapons Level 1  
  73  6:04  Terran Infantry Armor Level 1  
  75  6:06  Supply Depot  
  75  6:13  SCV  
  75  6:15  SCV  
  75  6:17  Starport Reactor  
  75  6:18  Siege Tank  
  80  6:19  Marine  
  81  6:25  SCV  
  81  6:28  Marine  
  81  6:31  Barracks  
  83  6:33  SCV x2  
  83  6:38  SCV  
  86  6:41  Marine x2, Missile Turret  
  86  6:42  Marine  
  86  6:43  Sensor Tower  
  86  6:45  Barracks, SCV x2  
  91  6:50  Marine  
  91  6:51  Marine, SCV  
  91  6:53  Refinery  
  94  6:56  Refinery  
  94  6:57  Supply Depot  
  94  7:00  Supply Depot  
  94  7:01  Marine  
  94  7:02  Marine x2  
  94  7:05  Siege Tank  
  100  7:09  Marine  
  101  7:18  Marine  
  101  7:19  Medivac, SCV x3  
  101  7:22  Marine x2  
  109  7:26  Marine  
  109  7:27  Barracks Reactor  
  109  7:31  Armory, SCV x2  
  109  7:32  Supply Depot  
  109  7:33  SCV  
  112  7:37  Siege Tank, Missile Turret  
  112  7:38  Missile Turret  
  112  7:40  Combat Shields, Medivac  
  112  7:41  Barracks Reactor, Missile Turret  
  117  7:53  Marine x5, SCV x2  
  117  7:54  SCV  
  117  7:56  Supply Depot  
  125  7:59  Supply Depot, Medivac  
  127  8:05  SCV  
  127  8:08  Factory  
  127  8:09  Supply Depot  
  127  8:11  Marine x4  
  132  8:14  SCV  
  132  8:18  Medivac  
  135  8:21  Marine  
  135  8:24  Marine x2, SCV x2  
  135  8:26  Marine x2  
  135  8:27  Siege Tank  
  144  8:29  Medivac, Marine x2  
  144  8:32  SCV  
  133  8:36  SCV x2  
  133  8:39  Marine  
  135  8:44  SCV  
  135  8:48  SCV x2  
  138  8:56  SCV  
  138  8:58  Marine x2, Terran Infantry Armor Level 2, Terran Infantry Weapons Level 2  
  138  8:59  Siege Tank, Marine x3  
  138  9:00  Terran Vehicle Weapons Level 1, SCV x2  
  149  9:08  Factory Tech Lab  
  149  9:09  Supply Depot x2, Medivac  
  151  9:12  Marine x2  
  151  9:13  Marine  
  151  9:16  Marine x2  
  156  9:24  Marine  
  156  9:29  Command Center  
  156  9:30  Marine x2  
  158  9:44  Marine x5  
  158  9:45  Siege Tank, Marine x2  
  165  9:46  Siege Tank  
  165  9:50  Supply Depot  
  165  9:51  Supply Depot  
  171  10:07  Marine x2  
  171  10:11  Marine x4  
  171  10:13  Barracks x2  
  177  10:14  Barracks  
  177  10:18  Siege Tank  
  177  10:21  Siege Tank  
  183  10:26  Marine  
  183  10:27  Marine x2  
  182  10:28  Missile Turret  
  182  10:29  Missile Turret  
  182  10:41  Marine x6  
  184  10:44  Marine x3  
  187  10:50  Siege Tank  
  187  10:52  Missile Turret  
  187  10:53  Missile Turret  
  187  10:54  Siege Tank  
  193  10:57  Command Center  
  193  10:59  Marine x6  
  198  11:04  Supply Depot  
  198  11:05  Supply Depot  
  198  11:21  Terran Infantry Weapons Level 3  
  198  11:23  Supply Depot  
  198  11:26  Marine x2  
  198  11:28  Command Center  
  200  11:49  Terran Vehicle Weapons Level 2, Terran Infantry Armor Level 3  
  200  11:52  Marine  
  200  11:55  Barracks Reactor x3  
  200  12:10  Siege Tank  
  187  12:16  Marine  
  187  12:22  Sensor Tower  
  188  12:25  Siege Tank  
  188  12:27  Marine x5  
  195  12:35  Marine  
  195  12:36  Marine x5  
  195  12:37  Marine x4  
  176  12:42  Siege Tank  
  170  12:44  Marine  
  170  12:45  Marine x4  
  172  12:53  Marine x4  
  172  12:54  Marine x3  
  172  12:55  Marine x3  
  172  12:57  Planetary Fortress  
  172  12:58  Siege Tank  
  176  12:59  Planetary Fortress  
  176  13:02  Marine  
  176  13:03  Marine x4  
  181  13:07  Viking  
  181  13:08  Viking  
  181  13:11  Marine  
  181  13:12  Marine  
  187  13:14  Siege Tank  
  187  13:18  Marine x2  
  192  13:22  Liberator x2  
  184  13:32  Siege Tank  
  178  13:50  Marine x13  
  191  14:02  Siege Tank  
  153  14:04  Marine  
  153  14:06  Marine  
  153  14:07  Marine  
  153  14:08  Marine x2  
  145  14:10  Marine  
  145  14:16  Marine x6  
  148  14:22  Medivac x2  
  147  14:35  Siege Tank  
  147  14:40  Marine  
  148  14:46  Marine  
  138  14:55  Siege Tank  
  138  14:56  Marine  
  138  14:57  Marine x4  
  146  15:04  Marine x4  
  150  15:12  SCV x3  
  153  15:18  SCV  
  153  15:19  Marine x2  
  152  15:24  SCV  
  152  15:28  Marine  
  153  15:30  Marine  
  153  15:35  Marine x2  
  155  15:46  SCV x2  
  157  15:50  Marine  
  157  15:51  Marine  
  157  15:53  Siege Tank  
  157  15:55  Medivac x2  
  163  16:00  SCV x2  
  163  16:01  SCV x2  
  163  16:02  Sensor Tower  
  167  16:08  Marine  
  168  16:14  Missile Turret  
  168  16:16  Siege Tank  
  168  16:18  Marine x6  
  176  16:30  Medivac x2  
  176  16:31  Siege Tank  
  183  16:39  Marine  
  182  16:40  Marine x10  
  193  16:51  Siege Tank  
  193  16:54  Marine x4  
  183  16:57  Marine  
  183  16:58  Marine x5  
  183  16:59  Marine  
  191  17:02  Marine  
  191  17:03  Siege Tank  
  191  17:08  Marine  
  195  17:13  Missile Turret  
  196  17:15  Marine  
  196  17:16  Marine x2  
  198  17:23  Command Center  
  195  17:40  Siege Tank  
  195  17:42  Marine x5  
  195  17:43  Marine  
  200  17:54  Command Center  
  200  18:08  Orbital Command  
  192  18:26  Marine x2  
Show
View Real Time Build Order
Export as new Build Order

Expect Terran 

Build Orders: Gas First Reaper Expand, Reaper Expand, Bio Tank 

Get SALT Encoding   

  12  0:00  SCV  
  13  0:13  SCV  
  14  0:17  Supply Depot  
  14  0:25  SCV  
  15  0:29  Refinery  
  15  0:39  SCV  
  16  0:45  Barracks  
  16  0:51  SCV  
  17  1:03  SCV  
  18  1:15  SCV  
  19  1:32  Orbital Command  
  19  1:33  Reaper  
  20  1:42  Command Center  
  20  1:53  Factory  
  20  1:58  SCV  
  21  2:03  Refinery  
  21  2:06  Reaper  
  22  2:12  Supply Depot  
  22  2:14  SCV  
  23  2:34  SCV  
  24  2:43  Starport  
  24  2:44  Hellion  
  25  2:45  Barracks Reactor  
  25  2:46  SCV  
  26  2:58  SCV  
  27  3:07  Orbital Command  
  27  3:10  Factory Tech Lab, SCV  
  28  3:19  Viking  
  30  3:22  SCV  
  30  3:24  Marine x2  
  33  3:32  Siege Tank  
  33  3:33  SCV  
  37  3:35  SCV  
  37  3:38  Supply Depot  
  38  3:42  Marine x2  
  38  3:46  SCV  
  38  3:47  SCV  
  42  3:58  SCV  
  42  3:59  SCV  
  44  4:10  SCV  
  44  4:11  SCV  
  44  4:15  Command Center  
  46  4:18  Siege Tank  
  51  4:24  Supply Depot  
  49  4:31  SCV  
  49  4:32  SCV  
  51  4:41  Engineering Bay x2  
  51  4:42  Viking, Barracks Tech Lab  
  53  4:46  Viking, Supply Depot  
  53  4:47  SCV x2  
  57  4:53  Siege Tank  
  57  4:56  Refinery  
  57  4:58  Refinery  
  60  5:00  SCV  
  60  5:01  SCV  
  62  5:12  Terran Infantry Weapons Level 1  
  62  5:13  SCV x2  
  64  5:18  Marine  
  65  5:24  Terran Infantry Armor Level 1  
  65  5:25  SCV  
  66  5:28  Barracks  
  66  5:30  Barracks, SCV  
  66  5:32  Orbital Command  
  67  5:42  Stimpack  
  67  5:43  Marine  
  67  5:46  SCV x2  
  70  5:50  Barracks  
  70  5:51  Barracks  
  70  5:53  Starport Reactor  
  70  5:54  Orbital Command  
  67  5:57  Siege Tank  
  67  6:00  Marine  
  67  6:02  SCV x2  
  73  6:09  Supply Depot x2  
  73  6:19  Barracks Reactor x2  
  73  6:20  SCV  
  73  6:21  SCV  
  73  6:23  SCV  
  76  6:31  Marine  
  76  6:33  SCV  
  76  6:34  Medivac x2  
  76  6:35  Siege Tank  
  76  6:37  SCV x2  
  86  6:40  Supply Depot, Barracks Reactor  
  86  6:41  Marine x2  
  86  6:45  SCV  
  89  6:47  Refinery  
  89  6:48  Refinery  
  89  6:49  Marine  
  89  6:50  Missile Turret  
  89  6:51  Supply Depot, SCV x2, Missile Turret  
  92  6:57  SCV  
  92  6:59  Marine x2  
  95  7:02  Supply Depot  
  95  7:03  Supply Depot  
  95  7:05  Armory  
  95  7:07  Marine, SCV x2  
  98  7:12  Medivac x2  
  102  7:18  Siege Tank  
  102  7:21  SCV x2  
  102  7:22  Marine x3, SCV  
  108  7:23  Marine x3  
  108  7:24  Marine  
  108  7:26  Marine x2  
  115  7:40  Marine x4  
  115  7:42  Factory  
  119  7:47  SCV x3  
  122  7:52  Supply Depot  
  122  7:53  Supply Depot, Marine x3  
  125  8:01  Marine x5  
  125  8:02  Combat Shields  
  130  8:06  Siege Tank  
  130  8:10  Terran Infantry Weapons Level 2  
  130  8:11  Supply Depot x2, Medivac, Terran Infantry Armor Level 2  
  130  8:12  Marine  
  133  8:13  Medivac, Marine x2  
  133  8:14  Marine  
  133  8:18  Marine  
  133  8:19  Marine x4  
  137  8:30  Marine  
  137  8:31  Marine x2  
  137  8:32  Marine  
  139  8:36  Marine x2  
  139  8:37  Marine x3  
  74  8:41  Medivac  
  133  8:43  Medivac  
  133  8:45  Terran Vehicle Weapons Level 1  
  133  8:48  Marine x3  
  138  8:49  Factory Tech Lab  
  138  8:50  Siege Tank, Marine  
  138  8:54  Marine x3  
  138  8:55  Marine  
  148  9:03  Marine  
  148  9:05  Marine  
  148  9:06  Marine x2  
  151  9:17  Siege Tank, Marine x3  
  151  9:18  Medivac x2  
  151  9:19  Marine x2  
  151  9:21  Marine  
  151  9:23  Marine  
  165  9:33  Command Center  
  165  9:36  Sensor Tower x2  
  165  9:43  Supply Depot x2, Siege Tank, Marine x9  
  177  9:48  Medivac x2  
  181  10:04  Siege Tank, Marine x3  
  186  10:09  Marine x6  
  192  10:15  Siege Tank  
  195  10:22  Marine x2  
  195  10:24  Supply Depot  
  195  10:26  Liberator  
  195  10:27  Liberator  
  197  10:31  Marine x2  
  197  10:32  Marine  
  197  10:40  Siege Tank  
  197  10:41  Marine x2  
  193  10:59  Marine x3  
  193  11:00  Siege Tank  
  193  11:01  Marine  
  198  11:17  Marine  
  198  11:18  Marine  
  200  11:30  Terran Vehicle Weapons Level 2, Terran Infantry Armor Level 3, Terran Infantry Weapons Level 3  
  198  11:36  Marine x2  
  198  11:40  Marine x2  
  198  11:52  Marine  
  199  12:02  Planetary Fortress  
  199  12:11  Command Center, Refinery  
  199  12:14  Refinery  
  173  12:17  Marine  
  173  12:18  Marine x6  
  173  12:19  Marine  
  177  12:27  Factory  
  177  12:29  Siege Tank  
  181  12:30  Siege Tank, Marine  
  181  12:32  Medivac x2  
  181  12:35  Marine x2  
  181  12:36  Marine x3  
  158  12:55  Marine x3  
  151  13:00  Liberator x2, Marine x6  
  151  13:02  Siege Tank x2  
  167  13:09  Barracks  
  167  13:11  Barracks x2  
  167  13:13  Marine x3  
  167  13:14  Missile Turret  
  167  13:15  Missile Turret  
  167  13:18  Marine x2  
  171  13:29  Marine x3  
  171  13:31  Factory Tech Lab, Marine x3  
  171  13:32  Marine  
  171  13:34  Siege Tank x2  
  160  13:37  Marine x2  
  156  13:47  Marine x3  
  138  14:03  Marine  
  138  14:04  Marine  
  138  14:05  Barracks Reactor x3  
  138  14:06  Siege Tank x2  
  138  14:09  Planetary Fortress  
  134  14:12  Siege Tank, Marine x3  
  134  14:13  Liberator x2, Marine  
  134  14:15  Marine  
  142  14:17  Marine x2  
  142  14:23  Marine x2  
  148  14:35  Marine x2  
  148  14:36  Marine  
  148  14:38  Siege Tank  
  151  14:49  Marine x2  
  151  14:52  Siege Tank x2  
  154  14:53  Marine  
  153  15:04  Marine x6  
  159  15:08  Marine  
  159  15:10  Siege Tank, Marine x3  
  166  15:20  Marine x4  
  165  15:25  Siege Tank  
  165  15:26  Siege Tank, Marine  
  165  15:27  Marine  
  170  15:31  Marine  
  170  15:32  Marine x3  
  171  15:43  Marine x4  
  175  15:53  Siege Tank, Marine x2  
  179  15:57  Siege Tank  
  180  16:16  Siege Tank  
  180  16:17  Marine x3  
  186  16:25  Siege Tank  
  189  16:28  Marine  
  189  16:29  Siege Tank, Marine x4  
  189  16:30  Marine x2  
  189  16:31  Marine x3  
  189  16:48  Siege Tank  
  189  16:49  Marine x2  
  189  16:50  Marine  
  186  16:54  Marine x3  
  186  16:57  Siege Tank  
  186  17:00  Marine x2  
  194  17:07  Marine x2  
  190  17:16  Marine x3  
  190  17:17  Siege Tank  
  190  17:20  Marine x2  
  188  17:26  Marine x2  
  182  17:30  Siege Tank x2  
  182  17:32  Marine x3  
  182  17:33  Marine  
  182  17:34  Marine x3  
  165  17:44  Marine  
  165  17:45  Marine x7  
  165  17:49  Siege Tank  
  165  17:50  Marine x4  
  180  17:52  Marine  
  181  18:02  Siege Tank x2  
  184  18:05  Marine  
  184  18:06  Marine x3  
  179  18:16  Missile Turret  
  179  18:17  Missile Turret  
  162  18:23  Missile Turret  
  162  18:25  Missile Turret  
Tags
 
Add a new tag
Caveats
  • Supply blocks, unpowered buildings, or Contaminate may cause inaccurate times.
  • Supply counts are checked every 10 seconds.